Map: Pendiente de Agustín EE

Players

MrFercho

  • Race: Zerg Zerg
  • Spawn Location: 6:00

tigro

  • Race: Terran Terran
  • League: Bronze
  • Spawn Location: 6:00

TATORREA

  • Race: Protoss Protoss
  • League: Silver
  • Spawn Location: 5:00

Rajinus - Winner!

  • Race: Protoss Protoss
  • Spawn Location: 12:00

meh - Winner!

  • Race: Protoss Protoss
  • Spawn Location: 12:00

Kiki - Winner!

  • Race: Protoss Protoss
  • Spawn Location: 11:00

VOD

Have the link to the VOD?

Description

Time

  • Played on: June 11, 2020, 9:41 p.m.
  • Length: 22:40
Show
View Real Time Build Order
Export as new Build Order

MrFercho Zerg 

Build Orders: Hatch First 

Get SALT Encoding   

  12  0:01  Drone  
  13  0:13  Overlord  
  13  0:17  Drone  
  16  0:50  Drone x2  
  16  0:53  Drone  
  16  0:54  Hatchery  
  16  1:11  Spawning Pool  
  15  1:21  Drone  
  15  1:22  Drone  
  15  1:24  Drone  
  18  1:34  Overlord  
  18  1:43  Drone  
  19  1:48  Extractor  
  18  1:54  Drone  
  18  2:00  Queen  
  21  2:18  Drone x4  
  25  2:26  Drone  
  25  2:28  Drone  
  25  2:29  Queen  
  29  2:43  Overlord  
  29  2:47  Overlord  
  29  2:51  Zergling x2  
  29  2:52  Zergling x2  
  29  2:54  Lair  
  31  2:59  Drone  
  31  3:00  Drone  
  33  3:11  Drone x4  
  33  3:12  Drone  
  38  3:22  Drone  
  38  3:23  Drone  
  40  3:36  Evolution Chamber, Drone x2  
  40  3:39  Drone x3  
  40  3:40  Drone  
  45  3:41  Drone x2  
  45  3:47  Extractor, Drone x2  
  48  3:52  Metabolic Boost  
  48  3:53  Extractor  
  47  3:56  Drone x2  
  49  4:09  Extractor, Drone x2  
  50  4:16  Queen  
  52  4:34  Hatchery  
  52  4:38  Drone  
  52  4:40  Overlord x4  
  52  4:55  Hydralisk Den  
  51  5:10  Zergling x18  
  51  5:11  Zergling x2  
  51  5:14  Extractor  
  60  5:18  Extractor  
  59  5:22  Zerg Missile Weapons Level 1  
  59  5:34  Grooved Spines, Evolution Chamber  
  58  5:37  Drone x2  
  58  5:38  Drone  
  58  5:40  Drone  
  58  5:41  Drone x4  
  66  5:44  Drone  
  66  5:49  Drone  
  68  6:05  Drone x7  
  75  6:16  Overlord x2  
  75  6:17  Overlord  
  69  6:31  Zergling x18  
  74  6:46  Muscular Augments  
  74  7:03  Hydralisk x6  
  74  7:04  Hydralisk x10  
  97  7:22  Spine Crawler  
  96  7:29  Spine Crawler  
  95  7:33  Spore Crawler  
  94  7:47  Drone  
  94  7:48  Drone x4  
  99  8:01  Zerg Missile Weapons Level 2, Hatchery  
  99  8:02  Zerg Ground Armor Level 1  
  98  8:07  Infestation Pit  
  98  8:09  Hydralisk x2  
  98  8:10  Hydralisk x6  
  113  8:13  Overlord x2  
  113  8:14  Overlord x2  
  114  8:20  Drone  
  114  8:34  Spire  
  114  8:35  Drone x2, Spire  
  114  8:36  Drone x2  
  114  8:40  Drone  
  117  8:44  Drone x2  
  119  8:53  Hatchery  
  118  9:10  Hive  
  118  9:30  Hydralisk x17  
  118  9:31  Nydus Network  
  151  9:33  Overlord x4  
  151  9:47  Overseer  
  151  9:54  Overlord  
  151  9:55  Overlord x3  
  151  9:56  Overlord x2  
  151  10:16  Overseer  
  151  10:45  Pneumatized Carapace  
  151  10:48  Burrow  
  151  11:03  Overseer  
  151  11:05  Overseer  
  142  11:17  Drone x4  
  142  11:18  Drone x11  
  152  11:19  Drone x2  
  154  12:00  Hydralisk x2  
  154  12:01  Hydralisk x13  
  178  12:12  Zerg Missile Weapons Level 3, Zerg Ground Armor Level 2  
  152  12:44  Hydralisk x7  
  152  12:45  Hydralisk x8  
  132  13:06  Hatchery  
  132  13:07  Hatchery  
  132  13:10  Extractor x2  
  132  13:11  Extractor, Greater Spire  
  132  13:12  Extractor, Zerg Flyer Weapons Level 1  
  126  13:57  Hydralisk  
  126  13:58  Hydralisk x23  
  134  14:28  Hydralisk x11  
  134  14:29  Hydralisk x4  
  144  14:38  Drone  
  144  14:39  Drone x3  
  148  14:47  Drone x6  
  154  15:07  Hydralisk  
  154  15:08  Hydralisk x19  
  194  15:31  Queen  
  196  15:36  Hydralisk x2  
  200  15:49  Zerg Ground Armor Level 3  
  200  15:58  Zerg Flyer Weapons Level 2  
  200  15:59  Zerg Flyer Armor Level 1  
  138  16:33  Hydralisk x16  
  138  16:34  Hydralisk  
  138  16:44  Drone x6  
  138  16:46  Drone  
  123  16:47  Drone  
  124  17:05  Hydralisk x6  
  116  17:25  Hydralisk x3  
  116  17:26  Hydralisk x3  
  110  17:41  Hydralisk x5  
  114  18:01  Hydralisk x5  
  114  18:02  Hydralisk  
  126  18:14  Corruptor x2  
  122  18:34  Hydralisk x6  
  122  18:41  Hydralisk x4  
  124  18:56  Hydralisk x6  
  136  19:14  Hydralisk x6  
  146  19:31  Overseer  
  146  19:32  Overseer  
  146  19:41  Hydralisk x9  
  158  19:55  Hydralisk  
  158  19:56  Hydralisk x4  
  162  20:02  Hydralisk  
  162  20:03  Hydralisk x2  
  120  20:44  Hydralisk x10  
  120  20:45  Hydralisk x6  
  152  21:31  Hydralisk x8  
  160  21:51  Hydralisk  
  160  21:52  Hydralisk  
Show
View Real Time Build Order
Export as new Build Order

tigro Terran 

Build Orders:  

Get SALT Encoding   

  12  0:03  SCV  
  13  0:15  SCV  
  14  0:26  Supply Depot  
  14  0:27  SCV  
  15  0:31  Refinery  
  15  0:48  SCV  
  16  0:53  Barracks  
  16  1:03  SCV  
  17  1:15  SCV  
  18  1:20  Refinery  
  18  1:27  SCV  
  19  1:39  SCV  
  20  1:42  Supply Depot  
  20  1:43  Marine  
  21  1:52  SCV  
  22  2:01  Marine  
  22  2:04  SCV  
  24  2:08  Barracks  
  24  2:16  SCV  
  24  2:19  Marine  
  26  2:28  SCV  
  27  2:32  Engineering Bay  
  27  2:37  Marine  
  28  2:54  Marine  
  28  2:58  Factory  
  29  3:04  Orbital Command  
  29  3:16  Barracks Tech Lab  
  29  3:19  Barracks Tech Lab  
  29  3:26  Command Center  
  29  3:45  Terran Infantry Weapons Level 1  
  29  3:48  Combat Shield  
  29  3:50  Stimpack  
  29  3:55  Factory Tech Lab  
  29  4:14  Starport  
  29  4:39  Refinery  
  29  4:51  Starport  
  29  5:01  SCV  
  29  5:06  Marine x2, Concussive Shells  
  32  5:13  SCV  
  33  5:16  Medivac  
  35  5:24  Marine x2  
  35  5:25  SCV  
  38  5:30  Starport Tech Lab  
  38  5:35  Armory  
  38  5:37  SCV  
  38  5:39  Terran Infantry Armor Level 1  
  38  5:41  Marine, Refinery  
  40  5:49  SCV  
  44  5:50  Siege Tank  
  43  6:42  Marine x2  
  33  6:51  Siege Tank  
  34  6:54  Banshee  
  34  6:59  Marine  
  34  7:00  Marine  
  33  7:17  Marine x2  
  16  7:33  Neosteel Armor  
  16  7:35  Marine x2  
  18  7:37  Banshee  
  21  7:53  Marine x2  
  23  8:14  SCV  
  24  8:20  Banshee  
  24  8:26  SCV  
  28  8:38  SCV  
  29  8:49  Starport Tech Lab  
  29  8:51  SCV  
  29  8:53  Command Center  
  30  9:03  SCV  
  30  9:07  Cloaking Field  
  31  9:13  Hi-Sec Auto Tracking  
  31  9:18  Corvid Reactor  
  31  9:39  SCV  
  32  9:51  SCV  
  33  9:57  Drilling Claws  
  33  10:03  SCV  
  34  10:27  Hyperflight Rotors  
  34  11:08  Command Center  
  34  11:16  Infernal Pre-Igniter  
  34  11:17  Marine x2  
  36  11:35  Marine x2  
  38  11:42  Raven  
  40  11:52  Marine  
  41  12:20  Terran Infantry Weapons Level 2  
  41  13:12  Planetary Fortress  
  41  14:05  Fusion Core  
  12  14:37  SCV  
  13  14:42  Marine x2  
  15  14:47  Terran Infantry Armor Level 2  
  15  14:49  SCV  
  16  14:59  Marine  
  16  15:00  Marine  
  16  15:01  SCV  
  19  15:13  SCV  
  20  15:17  Marine x2  
  22  15:25  SCV  
  23  15:35  Marine x2  
  23  15:37  Medivac x2, SCV  
  30  15:49  SCV  
  31  15:53  Marine x2  
  33  16:02  SCV  
  34  16:10  Terran Vehicle Weapons Level 1  
  34  16:35  Thor  
  40  16:46  Battlecruiser  
  46  16:52  Marine x2  
  48  17:03  Terran Infantry Weapons Level 3  
  48  17:06  Weapon Refit  
  48  17:10  Marine x2  
  36  17:28  Marine x2  
  37  17:46  Marine  
  28  18:04  Terran Vehicle And Ship Armor Level 1  
  27  18:11  Command Center  
  7  19:58  Terran Ship Weapons Level 1  
Show
View Real Time Build Order
Export as new Build Order

TATORREA Protoss 

Build Orders: Carriers 

Get SALT Encoding   

  12  0:01  Probe  
  13  0:18  Probe  
  14  0:23  Pylon  
  14  0:30  Probe  
  15  0:45  Gateway  
  15  0:47  Probe  
  16  0:50  Assimilator  
  16  0:59  Probe  
  17  1:11  Probe  
  18  1:13  Gateway  
  18  1:23  Probe  
  19  1:29  Gateway  
  19  1:35  Probe  
  20  1:56  Probe  
  20  1:59  Cybernetics Core  
  21  2:02  Zealot  
  23  2:10  Assimilator  
  23  2:16  Pylon  
  23  2:34  Probe, Zealot  
  26  2:38  Warp Gate  
  26  2:47  Nexus  
  26  2:49  Pylon  
  26  3:02  Stalker  
  28  3:05  Zealot  
  28  3:11  Zealot  
  32  3:15  Probe  
  33  3:26  Pylon  
  33  3:28  Probe  
  34  3:40  Probe  
  35  3:42  Twilight Council  
  35  3:52  Probe  
  35  3:53  Charge  
  36  4:02  Probe  
  37  4:04  Probe  
  38  4:12  Robotics Facility  
  38  4:14  Probe, Stargate  
  38  4:16  Probe  
  40  4:26  Probe  
  40  4:30  Probe  
  38  4:38  Probe  
  38  4:43  Stalker  
  38  4:44  Stalker x2  
  39  4:51  Probe x2  
  41  4:58  Assimilator  
  41  5:01  Assimilator  
  41  5:03  Probe x2  
  43  5:10  Immortal  
  47  5:23  Gateway  
  47  5:24  Probe x2  
  47  5:25  Gateway  
  49  5:36  Probe x2  
  49  5:38  Oracle  
  54  5:48  Probe x2  
  56  5:57  Stargate  
  56  6:00  Fleet Beacon  
  56  6:01  Probe x2  
  58  6:16  Nexus  
  58  6:24  Pylon  
  58  6:27  Zealot x2  
  62  6:41  Pylon  
  62  6:48  Pylon  
  62  6:54  Zealot x4  
  64  7:00  Zealot  
  72  7:21  Zealot x5  
  74  7:55  Tempest, Carrier  
  85  8:00  Zealot x4  
  93  8:20  Stalker x3  
  93  8:21  Stalker  
  101  8:54  Pylon  
  101  8:58  Pylon  
  101  9:04  Pylon  
  101  9:07  Pylon  
  101  9:12  Tempest, Probe x3  
  101  9:16  Carrier  
  115  9:19  Pylon  
  115  9:24  Pylon, Probe x3  
  115  9:32  Stalker x3  
  115  9:33  Stalker x2  
  115  9:36  Probe x3  
  128  9:55  Assimilator, Carrier  
  128  9:57  Assimilator  
  128  10:01  Pylon  
  128  10:04  Pylon  
  128  10:07  Pylon  
  116  10:13  Pylon  
  110  10:20  Tempest  
  115  10:24  Observer  
  100  10:53  Probe  
  100  10:54  Probe x2  
  91  11:06  Probe x3  
  94  11:24  Stalker x4  
  94  11:25  Stalker  
  104  11:29  Probe x3  
  107  11:41  Probe x3  
  110  11:53  Probe x3  
  89  12:05  Probe x3  
  65  12:17  Probe  
  65  12:20  Phoenix x2  
  50  12:43  Probe  
  51  12:45  Phoenix x2  
  51  12:49  Probe  
  56  12:55  Stalker, Probe  
  56  12:56  Stalker x4  
  67  13:01  Probe  
  68  13:06  Forge  
  68  13:07  Forge, Probe  
  68  13:08  Forge  
  68  13:10  Phoenix x2, Cybernetics Core  
  73  13:13  Probe  
  73  13:17  Pylon  
  73  13:19  Pylon, Probe  
  75  13:20  Pylon  
  75  13:21  Pylon  
  75  13:22  Pylon  
  75  13:23  Pylon x2  
  75  13:25  Pylon  
  75  13:28  Gateway  
  75  13:31  Gateway, Probe  
  76  13:34  Gateway  
  76  13:35  Phoenix x2  
  79  14:00  Phoenix x2  
  83  14:11  Protoss Ground Weapons Level 1  
  83  14:12  Protoss Ground Armor Level 1, Protoss Shields Level 1, Nexus  
  83  14:24  Zealot x3  
  85  14:25  Zealot x2  
  85  14:29  Protoss Air Weapons Level 1, Protoss Air Armor Level 1  
  93  14:36  Anion Pulse-Crystals  
  93  14:39  Phoenix x2  
  93  14:42  Immortal  
  101  14:59  Zealot x3  
  107  15:00  Zealot x2  
  107  15:01  Zealot x2  
  107  15:03  Zealot  
  91  15:48  Tempest, Carrier  
  102  15:50  Photon Cannon  
  102  15:53  Photon Cannon  
  102  15:55  Photon Cannon  
  102  15:57  Photon Cannon  
  102  15:58  Immortal  
  106  16:08  Assimilator x2  
  106  16:22  Protoss Ground Weapons Level 2  
  106  16:27  Protoss Ground Armor Level 2  
  106  16:28  Protoss Shields Level 2  
  112  16:40  Carrier  
  112  16:44  Immortal  
  116  16:48  Protoss Air Weapons Level 2  
  116  16:49  Protoss Air Armor Level 2  
  116  16:52  Tempest  
  87  17:35  Carrier  
  85  17:43  Stalker, Tempest  
  85  17:44  Stalker x4  
  83  17:45  Stalker x3  
  75  18:08  Stalker x4  
  75  18:09  Stalker x4  
  74  18:34  Stalker  
  74  18:38  Stalker x3  
  74  18:39  Stalker x3  
  74  18:40  Stalker  
  80  19:02  Stalker x4  
  81  19:03  Stalker x2  
  65  19:38  Phoenix x2  
  67  19:45  Stalker  
  60  20:03  Phoenix x2  
  58  20:28  Phoenix x2  
Show
View Real Time Build Order
Export as new Build Order

Rajinus Protoss - Winner!

Build Orders:  

Get SALT Encoding   

  1  0:00  Probe  
  13  0:07  Probe  
  14  0:22  Pylon  
  14  0:23  Probe  
  15  0:40  Probe  
  16  0:49  Gateway  
  16  0:52  Assimilator  
  16  0:55  Probe  
  17  0:58  Assimilator  
  17  1:07  Probe  
  18  1:18  Gateway  
  18  1:33  Probe  
  19  1:40  Pylon  
  19  1:45  Probe  
  19  1:46  Cybernetics Core  
  20  1:54  Cybernetics Core  
  20  2:15  Probe  
  21  2:23  Stalker x2  
  21  2:24  Nexus  
  21  2:31  Warp Gate  
  25  2:44  Pylon  
  25  2:52  Stalker x2  
  29  3:08  Robotics Facility  
  29  3:26  Twilight Council, Probe  
  30  3:38  Probe  
  30  3:39  Gateway  
  30  3:41  Gateway  
  31  3:46  Probe  
  32  3:52  Immortal  
  32  3:58  Probe  
  37  4:15  Charge  
  37  4:20  Probe  
  37  4:23  Probe  
  39  4:32  Probe  
  40  4:38  Warp Prism  
  40  4:44  Probe  
  41  4:56  Probe  
  41  4:58  Gateway  
  42  5:03  Gateway  
  42  5:08  Probe  
  42  5:11  Zealot x2  
  47  5:15  Observer  
  47  5:20  Probe  
  49  5:21  Zealot  
  49  5:22  Pylon  
  49  5:24  Pylon  
  51  5:33  Probe  
  52  5:42  Gateway  
  52  5:45  Probe  
  53  5:57  Probe  
  53  6:02  Zealot x3  
  60  6:04  Zealot  
  60  6:05  Zealot  
  60  6:06  Zealot  
  60  6:09  Probe  
  67  6:21  Probe  
  66  6:43  Zealot x2  
  66  6:44  Zealot  
  70  6:58  Pylon  
  70  7:01  Pylon  
  70  7:03  Pylon  
  57  7:25  Stalker x2  
  57  7:27  Probe  
  44  7:35  Probe  
  27  7:43  Probe  
  25  7:51  Probe  
  26  7:59  Probe  
  27  8:10  Dark Shrine, Probe x2  
  28  8:18  Probe x2  
  29  8:23  Zealot x3  
  29  8:25  Assimilator  
  29  8:26  Probe  
  37  8:28  Probe, Zealot x3  
  37  8:29  Assimilator  
  45  8:38  Probe  
  45  8:40  Probe  
  47  8:49  Zealot x2  
  47  8:50  Probe, Zealot  
  47  8:52  Probe  
  55  9:02  Probe  
  56  9:14  Probe  
  57  9:26  Probe  
  57  9:28  Probe  
  59  9:38  Probe  
  59  9:39  Nexus  
  59  9:41  Assimilator  
  59  9:42  Dark Templar x2  
  59  9:44  Dark Templar  
  59  9:45  Assimilator, Dark Templar x3  
  72  9:50  Probe  
  69  10:03  Probe  
  56  10:15  Probe  
  50  11:14  Probe  
  41  11:22  Probe  
  41  11:23  Dark Templar x5  
  41  11:24  Dark Templar  
  53  11:32  Probe  
  55  11:44  Probe  
  56  11:56  Probe  
  57  12:14  Dark Templar x4  
  57  12:15  Dark Templar x2  
  45  12:52  Probe  
  45  12:57  Forge  
  46  13:00  Forge, Probe  
  47  13:08  Probe  
  48  13:18  Probe  
  48  13:19  Dark Templar x3  
  58  13:20  Dark Templar x4, Protoss Ground Weapons Level 1  
  58  13:23  Protoss Ground Armor Level 1  
  63  13:30  Probe  
  64  13:39  Templar Archives  
  62  13:58  Dark Templar  
  62  13:59  Dark Templar x4  
  72  14:16  Probe  
  72  14:24  Probe  
  74  14:33  Probe, High Templar x2  
  74  14:34  Assimilator  
  74  14:36  High Templar  
  74  14:37  High Templar  
  74  14:38  High Templar x2  
  87  14:40  Assimilator  
  87  14:46  Pylon, Probe  
  87  14:47  Pylon  
  87  14:49  High Templar  
  87  14:50  Pylon  
  87  14:52  Pylon  
  88  14:56  Pylon  
  88  14:57  Pylon  
  88  14:58  Probe  
  88  14:59  Pylon  
  91  15:02  High Templar  
  91  15:07  High Templar x2  
  91  15:12  High Templar  
  99  15:29  Nexus  
  99  15:34  Archon x2  
  99  15:35  Archon x6  
  99  15:36  Archon  
  99  15:46  Archon  
  99  15:48  Archon  
  99  16:00  High Templar x2  
  99  16:01  High Templar  
  99  16:04  Probe  
  99  16:10  High Templar x4  
  114  16:16  Probe  
  115  16:28  Probe  
  116  16:33  Protoss Ground Weapons Level 2  
  116  16:34  Protoss Ground Armor Level 2  
  116  16:39  Dark Templar, High Templar  
  118  16:40  Probe  
  118  16:45  Archon  
  121  16:49  Archon  
  121  16:52  Probe  
  114  17:29  Dark Templar x6  
  124  17:30  Dark Templar  
  120  17:40  Probe  
  109  17:52  Probe  
  102  18:04  Probe  
  91  18:07  Dark Templar x3  
  91  18:08  Dark Templar x2  
  91  18:09  Dark Templar x2  
  105  18:16  Probe  
  106  18:37  Dark Templar  
  106  18:38  Dark Templar x2  
  106  18:47  Dark Templar  
  106  18:48  Dark Templar x3  
  119  19:17  Dark Templar x3  
  124  19:27  Dark Templar x3  
  127  19:50  Dark Templar  
  129  19:56  Dark Templar x3  
  135  20:06  Dark Templar  
  135  20:24  Dark Templar x2  
  139  20:29  Dark Templar  
  139  20:35  Dark Templar  
  143  20:44  Dark Templar  
  143  20:45  Dark Templar x2  
  149  21:47  Dark Templar x5  
  149  21:48  Dark Templar x2  
Show
View Real Time Build Order
Export as new Build Order

meh Protoss - Winner!

Build Orders: Carriers 

Get SALT Encoding   

  12  0:02  Probe  
  13  0:16  Probe  
  14  0:28  Probe  
  15  0:33  Pylon  
  15  0:51  Probe  
  15  0:52  Assimilator  
  16  0:58  Gateway  
  16  1:04  Probe  
  17  1:16  Probe  
  18  1:25  Assimilator  
  18  1:29  Probe  
  19  1:40  Pylon  
  19  1:46  Cybernetics Core  
  19  1:48  Probe  
  20  1:59  Zealot  
  22  2:03  Probe  
  23  2:15  Probe  
  24  2:25  Nexus  
  24  2:26  Stalker  
  26  2:31  Stargate  
  26  2:39  Probe  
  27  2:51  Probe  
  27  2:52  Warp Gate  
  28  3:08  Stargate  
  28  3:30  Assimilator  
  28  3:32  Assimilator, Probe  
  29  3:38  Pylon, Probe  
  30  3:41  Void Ray  
  30  3:44  Probe  
  35  3:50  Probe  
  35  3:55  Void Ray  
  40  4:00  Probe  
  40  4:01  Probe  
  42  4:08  Probe  
  42  4:09  Probe  
  44  4:20  Probe  
  44  4:22  Probe  
  46  4:33  Probe  
  46  4:34  Probe  
  48  4:45  Probe  
  48  4:46  Void Ray, Probe  
  54  4:53  Pylon  
  54  4:59  Pylon  
  54  5:02  Shield Battery  
  54  5:06  Forge  
  54  5:11  Void Ray  
  54  5:13  Pylon  
  58  5:18  Shield Battery  
  58  5:20  Probe x2  
  60  5:37  Fleet Beacon  
  60  5:49  Probe x2  
  62  5:58  Stargate  
  62  6:00  Void Ray x2  
  70  6:04  Stargate  
  70  6:06  Probe x2  
  73  6:18  Probe x2  
  74  6:32  Protoss Air Weapons Level 1, Cybernetics Core  
  74  6:39  Photon Cannon  
  74  6:42  Photon Cannon  
  74  6:44  Photon Cannon  
  74  6:50  Photon Cannon  
  74  6:52  Photon Cannon  
  74  6:53  Probe x2  
  76  6:56  Pylon  
  76  6:59  Pylon  
  76  7:03  Pylon  
  76  7:11  Probe  
  76  7:12  Probe  
  76  7:14  Tempest  
  83  7:18  Tempest  
  88  7:31  Tempest  
  88  7:37  Probe x2  
  95  7:47  Tempest  
  100  8:04  Photon Cannon  
  100  8:07  Photon Cannon  
  100  8:11  Photon Cannon  
  100  8:14  Photon Cannon  
  100  8:18  Photon Cannon  
  100  8:23  Photon Cannon  
  100  8:35  Nexus  
  100  8:38  Pylon  
  100  8:42  Pylon  
  100  8:45  Assimilator  
  100  8:47  Assimilator  
  100  8:49  Protoss Air Weapons Level 2  
  100  8:51  Pylon  
  100  8:52  Pylon  
  100  8:54  Pylon  
  100  8:56  Photon Cannon  
  100  9:00  Pylon  
  100  9:01  Probe x2  
  102  9:06  Tempest  
  107  9:30  Photon Cannon  
  107  9:34  Photon Cannon  
  107  9:35  Tempest  
  107  9:37  Shield Battery  
  112  9:39  Photon Cannon  
  113  9:45  Probe x2  
  114  9:53  Protoss Air Armor Level 1  
  114  9:57  Probe  
  115  10:11  Probe x3  
  115  10:13  Tempest x3  
  133  10:28  Stargate  
  133  10:29  Stargate  
  133  10:31  Tempest  
  138  10:38  Probe x2  
  140  10:57  Tempest x2  
  140  11:03  Nexus  
  150  11:11  Pylon  
  150  11:13  Pylon  
  150  11:14  Probe x2  
  150  11:15  Probe  
  150  11:16  Tempest  
  150  11:17  Assimilator  
  158  11:19  Assimilator  
  158  11:21  Void Ray  
  162  11:50  Tempest x3  
  175  11:56  Protoss Air Weapons Level 3  
  161  12:13  Tempest x3  
  172  12:32  Probe x2  
  172  12:33  Tempest x2  
  176  12:46  Carrier  
  173  13:02  Photon Cannon  
  173  13:05  Photon Cannon  
  173  13:06  Probe x2  
  173  13:07  Photon Cannon  
  173  13:11  Photon Cannon  
  175  13:14  Shield Battery  
  175  13:16  Carrier  
  181  13:20  Probe x2  
  181  13:21  Probe  
  181  13:23  Probe  
  185  13:31  Carrier  
  191  13:46  Probe x3  
  191  13:47  Probe  
  165  14:32  Tempest  
  165  14:33  Tempest x3  
  165  14:36  Probe x2  
  165  14:37  Probe  
  188  14:40  Pylon  
  188  14:43  Pylon  
  188  14:45  Pylon  
  188  14:47  Photon Cannon  
  188  14:51  Photon Cannon  
  188  14:58  Probe x2  
  188  14:59  Carrier  
  196  15:01  Probe x2  
  198  15:27  Protoss Air Armor Level 2  
  196  16:22  Carrier  
  192  16:32  Carrier x3  
  195  16:35  Carrier  
  186  17:01  Carrier  
  192  17:26  Carrier  
  194  18:27  Carrier x2  
  185  19:02  Carrier  
  181  19:36  Carrier x3  
  189  20:00  Carrier  
  189  20:02  Carrier  
  186  20:15  Carrier  
  192  20:40  Carrier  
Show
View Real Time Build Order
Export as new Build Order

Kiki Protoss - Winner!

Build Orders:  

Get SALT Encoding   

  12  0:11  Pylon  
  12  0:14  Probe  
  13  0:31  Gateway  
  13  0:43  Gateway  
  13  1:10  Pylon  
  13  1:20  Zealot  
  15  1:28  Cybernetics Core  
  15  1:35  Forge  
  15  1:47  Zealot  
  17  2:01  Probe  
  17  2:06  Assimilator  
  18  2:09  Probe  
  18  2:15  Assimilator  
  19  2:18  Probe  
  20  2:31  Photon Cannon, Probe  
  20  2:34  Photon Cannon  
  21  2:40  Probe  
  22  2:49  Probe  
  22  2:57  Probe  
  24  3:07  Probe  
  25  3:15  Probe  
  26  3:27  Probe  
  26  3:33  Nexus  
  27  3:48  Stargate  
  27  3:52  Pylon  
  27  4:01  Probe  
  27  4:02  Stalker  
  29  4:09  Probe  
  31  4:19  Probe  
  32  4:31  Probe  
  33  4:32  Stargate  
  33  4:43  Probe  
  34  4:52  Probe x2  
  36  5:00  Probe x2  
  38  5:09  Probe x2  
  40  5:15  Assimilator  
  40  5:21  Probe x2  
  42  5:33  Probe x2  
  44  5:36  Robotics Facility  
  44  5:38  Pylon  
  44  5:40  Pylon  
  44  5:41  Stalker x2  
  48  5:45  Probe  
  49  5:53  Void Ray  
  53  5:57  Probe  
  54  6:18  Robotics Facility  
  54  6:21  Probe  
  54  6:23  Fleet Beacon, Probe  
  56  6:29  Assimilator  
  56  6:33  Void Ray, Probe  
  56  6:34  Void Ray  
  56  6:35  Probe  
  56  6:37  Protoss Shields Level 1  
  66  6:45  Probe  
  67  6:47  Probe  
  68  6:57  Probe  
  68  6:59  Probe  
  70  7:20  Pylon  
  70  7:23  Pylon  
  70  7:24  Pylon  
  70  7:31  Void Ray  
  70  7:38  Probe, Unknown  
  75  7:49  Void Ray  
  75  8:05  Observer  
  80  8:10  Void Ray  
  84  8:48  Pylon  
  84  8:58  Pylon  
  84  9:01  Pylon x2  
  84  9:09  Void Ray  
  84  9:10  Void Ray  
  84  9:16  Nexus  
  84  9:20  Pylon  
  84  9:22  Pylon  
  92  9:42  Void Ray  
  96  9:53  Void Ray  
  100  10:01  Photon Cannon  
  100  10:02  Photon Cannon  
  100  10:06  Photon Cannon  
  100  10:08  Photon Cannon  
  100  10:10  Photon Cannon  
  100  10:19  Stargate  
  100  10:21  Stargate  
  100  10:25  Void Ray, Stargate  
  104  10:29  Pylon  
  104  10:31  Pylon  
  104  10:33  Photon Cannon, Probe x2  
  104  10:34  Probe  
  104  10:35  Photon Cannon  
  107  10:40  Assimilator  
  107  10:41  Photon Cannon  
  107  10:42  Assimilator, Probe  
  107  10:44  Photon Cannon  
  107  10:45  Probe  
  107  10:46  Probe  
  110  10:50  Probe  
  110  10:51  Protoss Air Weapons Level 1  
  111  10:57  Probe, Cybernetics Core  
  111  10:58  Probe  
  111  10:59  Stalker x2  
  111  11:00  Probe  
  111  11:04  Observer  
  119  11:09  Probe  
  119  11:10  Probe  
  121  11:12  Void Ray, Probe  
  126  11:22  Probe x2  
  126  11:25  Observer  
  129  11:29  Stalker  
  129  11:30  Sentry  
  129  11:31  Shield Battery  
  133  11:56  Sentry  
  71  12:44  Void Ray x2  
  71  12:50  Stalker  
  41  12:54  Void Ray x3  
  41  12:55  Immortal  
  61  12:59  Stalker  
  69  13:19  Stalker  
  71  13:29  Stalker  
  73  13:34  Immortal  
  73  13:37  Carrier  
  83  13:49  Stalker  
  85  13:59  Stalker  
  87  14:14  Observer  
  88  14:29  Nexus  
  88  14:31  Pylon  
  88  14:33  Pylon  
  88  14:35  Pylon, Observer  
  87  14:56  Nexus  
  87  15:36  Photon Cannon, Pylon  
  87  15:37  Photon Cannon  
  87  15:39  Photon Cannon x3  
  87  15:40  Probe  
  87  15:41  Photon Cannon, Shield Battery  
  87  15:42  Shield Battery  
  87  15:43  Photon Cannon  
  87  15:44  Shield Battery  
  87  15:48  Probe  
  89  15:59  Probe  
  89  16:02  Assimilator  
  90  16:11  Probe  
  91  16:13  Void Ray x2  
  99  16:23  Probe  
  100  16:35  Probe  
  101  16:41  Protoss Air Weapons Level 2  
  101  16:47  Probe  
  101  16:48  Pylon  
  101  16:50  Pylon  
  102  16:55  Probe  
  102  16:58  Assimilator  
  102  16:59  Probe  
  102  17:00  Assimilator  
  104  17:02  Probe  
  104  17:03  Probe x2  
  107  17:11  Probe  
  107  17:13  Probe  
  107  17:15  Probe x2  
  110  17:19  Probe  
  110  17:22  Assimilator  
  111  17:25  Probe  
  111  17:26  Void Ray  
  111  17:27  Probe  
  118  17:37  Probe  
  118  17:38  Probe  
  120  17:50  Probe  
  121  17:56  Void Ray x4  
  129  19:05  Void Ray x2  
  129  19:06  Void Ray x3  
  149  19:24  Observer  
  149  19:28  Stalker  
  146  19:46  Observer  
  146  19:48  Void Ray x2  
  147  19:54  Photon Cannon  
  147  19:56  Photon Cannon  
  147  19:57  Photon Cannon  
  83  20:46  Void Ray x5  
  103  21:29  Void Ray x2  
  103  21:30  Photon Cannon  
  111  21:33  Photon Cannon x2  
  111  21:36  Photon Cannon  
Tags
 
Add a new tag
Caveats
  • Supply blocks, unpowered buildings, or Contaminate may cause inaccurate times.
  • Supply counts are checked every 10 seconds.